 Dungeon Crawl Stone Soup version 0.21.1-1-g345015f (webtiles) character file.

6 czar the Sneak (level 1, 0/9 HPs)
             Began as a Spriggan Enchanter on Feb 19, 2018.
             Slain by a hobgoblin (3 damage)
             ... on level 1 of the Dungeon.
             The game lasted 00:03:23 (289 turns).

czar the Sneak (Spriggan Enchanter)                  Turns: 289, Time: 00:03:24

Health: 0/9        AC:  2    Str:  4    XL:     1   Next: 75%
Magic:  5/5        EV: 18    Int: 16    God:
Gold:   104        SH:  0    Dex: 16    Spells: 4/5 levels left

rFire    . . .     SeeInvis +   a - +1 dagger
rCold    . . .     Gourm    .   (shield restricted)
rNeg     . . .     Faith    .   b - +0 robe
rPois    .         Spirit   .   (helmet restricted)
rElec    .         Reflect  .   (no cloak)
rCorr    .         Harm     .   (gloves unavailable)
MR       .....                  (boots unavailable)
Stlth    +++.......             (no amulet)
HPRegen  0.03/turn              (no ring)
MPRegen  0.09/turn              (no ring)

@: very quick
A: very small, unfitting armour, see invisible, herbivore, speed 3, slow
metabolism 2
a: no special abilities


You were on level 1 of the Dungeon.
You were not hungry.

You visited 1 branch of the dungeon, and saw 1 of its levels.

You collected 104 gold pieces.

Inventory:

Hand Weapons
 a - a +1 dagger (weapon)
Armour
 b - a +0 robe (worn)
Scrolls
 e - a scroll of identify {unknown}
Books
 c - a book of Maledictions

   Spells                             Type                      Level
   a - Corona                         Hexes                        1
   b - Ensorcelled Hibernation        Hexes/Ice                    2
   c - Confuse                        Hexes                        3
   d - Tukima's Dance                 Hexes                        3
   e - Dazzling Spray                 Conjuration/Hexes            3
Comestibles
 d - 3 rations


   Skills:
 * Level 1.4 Short Blades
 - Level 3.2 Dodging
 + Level 4.7 Stealth
 - Level 2.6 Spellcasting
 - Level 3.6 Hexes


You had 4 spell levels left.
You knew the following spells:

 Your Spells              Type           Power        Failure   Level  Hunger
a - Corona                Hex            ##.....      4%          1    #......


Dungeon Overview and Level Annotations

Branches:
Dungeon (1/15)

Altars:


Innate Abilities, Weirdness & Mutations

You are very small and have problems with some larger weapons.
You are too small for most types of armour.
You have supernaturally acute eyesight. (SInv)
You are a herbivore.
You cover ground extremely quickly.
You need consume almost no food.


Message History

Unknown command.
Things that are here:
a short sword; a kobold corpse
Found a dagger.
You now have 104 gold pieces (gained 10).
A hobgoblin comes into view.
The hobgoblin shouts!
The hobgoblin barely misses you.
You hit the hobgoblin but do no damage. The hobgoblin hits you.
You are too injured to fight recklessly!
You are too injured to fight recklessly!
You are too injured to fight recklessly!
You are too injured to fight recklessly!
You hit the hobgoblin.
The hobgoblin is moderately wounded.
The hobgoblin completely misses you.
You barely miss the hobgoblin.
The hobgoblin is moderately wounded.
The hobgoblin hits you.
You die...

..###.#####.###....##.#.)..#.##..
.........##.. #....#.#.#..#.#.#..
##.......##..##.....#.##..##.#...
.#.......##..........##....##....
†#.....>.##..........#......#....
.#.......##..........#......#....
.#.......##..........##....##....
.#.......##.........#.##..##.#...
##.......##.....@..#.#.#..#.#.#..
...............g...##.#....#.##..
..############....#.##......##.#.
### #...#.#..........#.# #
#...##.......)....##
#..#)...............
#...................
#...................
##################


You could see a hobgoblin.

Vanquished Creatures
  A bat (D:1)
  A giant cockroach (D:1)
  A kobold (D:1)
  3 rats (D:1)
  A fungus (D:1)
7 creatures vanquished.

Vanquished Creatures (others)
  An octopode (D:1)
  2 vine stalkers (D:1)
  An elf (D:1)
  A troll (D:1)
  A spriggan (D:1)
  A human (D:1)
  A dwarf (D:1)
  2 centaurs (D:1)
  An orc (D:1)
  A kobold (D:1)
  6 tentacles (D:1)
18 creatures vanquished.

Grand Total: 25 creatures vanquished

Notes
Turn   | Place    | Note
-------+----------+-------------------------------------------
     0 | D:1      | czar the Spriggan Enchanter began the quest for the Orb.
     0 | D:1      | Reached XP level 1. HP: 9/9 MP: 5/5
     0 | D:1      | Noticed a centaur
     0 | D:1      | Noticed a human
     0 | D:1      | Noticed an octopode
     0 | D:1      | Noticed a vine stalker
     0 | D:1      | Noticed an elf
     0 | D:1      | Noticed a kraken
     0 | D:1      | Noticed a spriggan
     0 | D:1      | Noticed a dwarf
     0 | D:1      | Noticed a vine stalker
     0 | D:1      | Noticed a troll
     0 | D:1      | Noticed a centaur
     5 | D:1      | Killed a vine stalker
     9 | D:1      | Killed an octopode
    11 | D:1      | Killed a centaur
    11 | D:1      | Killed a spriggan
    13 | D:1      | Killed a vine stalker
    14 | D:1      | Killed a dwarf
    17 | D:1      | Killed a troll
    20 | D:1      | Killed an elf
    20 | D:1      | Killed a centaur
    23 | D:1      | Killed a human
   289 | D:1      | Slain by a hobgoblin

Action                   || total
-------------------------++-------
Melee: Dagger            ||    50
 Stab: Sleeping          ||     2
Armor: Robe              ||     2
Dodge: Dodged            ||    16
